 Dungeon Crawl Stone Soup version 0.31-a0-360-gb3e1d13bf4 (webtiles) character file.

Game seed: 18070899122180095218

2629 GilGalad the Shield-Bearer (level 9, -1/89 HPs)
             Began as a Troll Fighter on July 27, 2023.
             Was an Initiate of Gozag.
             Slain by a brown ugly thing (10 damage)
             ... on level 6 of the Dungeon.
             The game lasted 00:11:33 (4111 turns).

GilGalad the Shield-Bearer (Troll Fighter)          Turns: 4111, Time: 00:11:34

Health: -1/89      AC:  5    Str: 30    XL:     9   Next: 35%
Magic:  8/8        EV: 12    Int:  4    God:    Gozag
Gold:   961        SH: 12    Dex: 18    Spells: 8/8 levels left

rFire   . . .        a - +8 morningstar of the Endless March {heavy, Dex+3 Stlth+}
rCold   . . .        E - +1 kite shield
rNeg    . . .        A - +1 robe
rPois   .            (helmet restricted)
rElec   .            (no cloak)
rCorr   .            (gloves unavailable)
SInv    .            (boots unavailable)
Will    .....        (no amulet)
Stlth   +++          d - +6 ring of dexterity
HPRegen 1.14/turn    (no ring)
MPRegen 0.11/turn

%: no passive effects
@: mighty
A: large, unfitting armour, claws 3, regeneration 1, shaggy fur 1, tough skin 1
a: Renounce Religion, Potion Petition, Call Merchant, Bribe Branch


You were on level 6 of the Dungeon.
You worshipped Gozag.
Gozag was pleased with you.
You visited 1 branch of the dungeon, and saw 6 of its levels.

You collected 984 gold pieces.
You paid 23 gold pieces to Gozag.

Inventory:

Hand Weapons
 a - the +8 morningstar of the Endless March (weapon) {heavy, Dex+3 Stlth+}
   (You found it on level 2 of the Dungeon)

   Dex:       It affects your dexterity (+3).
   Stlth:     It makes you more stealthy.
 b - the +7 long sword of Spite {venom, rPois Str-4 Int+5}
   (You found it on level 4 of the Dungeon)

   Str:       It affects your strength (-4).
   Int:       It affects your intelligence (+5).
   rPois:     It protects you from poison.
 j - a +2 vampiric short sword
Missiles
 t - 14 poisoned darts
 B - 5 atropa-tipped darts
Armour
 u - the +1 robe of Sif Muna's Grace {+Inv rPois Str-3 Stlth+}
   (You found it on level 2 of the Dungeon)

   Str:       It affects your strength (-3).
   rPois:     It protects you from poison.
   +Inv:      It lets you turn invisible.
   Stlth:     It makes you more stealthy.
 A - a +1 robe (worn)
 E - a +1 kite shield (worn)
Jewellery
 d - a +6 ring of dexterity (left claw)
 K - the ring "Raen" {rElec rC+ Will+}
   (You found it on level 6 of the Dungeon)

   [ring of protection from cold]

   rC:        It protects you from cold.
   rElec:     It insulates you from electricity.
   Will:      It increases your willpower.
Wands
 x - a wand of quicksilver (5)
 y - a wand of roots (15)
 G - a wand of charming (12)
 J - a wand of digging (7)
Scrolls
 e - a scroll of immolation
 g - a scroll of fog {unknown}
 h - a scroll of silence {unknown}
 m - a scroll of identify {unknown}
 n - 2 scrolls of revelation {unknown}
 p - 2 scrolls of teleportation
 r - 2 scrolls of enchant armour
 s - a scroll of brand weapon {unknown}
 w - a scroll of poison {unknown}
 C - a scroll of blinking {unknown}
 D - a scroll of noise {unknown}
 F - a scroll of torment {unknown}
 H - a scroll of amnesia {unknown}
 I - a scroll of vulnerability {unknown}
Potions
 f - a potion of heal wounds {unknown}
 i - 2 potions of brilliance {unknown}
 k - a potion of haste {unknown}
 l - 3 potions of enlightenment {unknown}
 o - a potion of attraction {unknown}
 q - a potion of mutation {unknown}
 v - 3 potions of curing {unknown}
 z - a potion of ambrosia {unknown}


   Skills:
 + Level 6.2 Fighting
 - Level 4.0 Maces & Flails
 + Level 6.2 Dodging
 + Level 6.8 Shields
 - Level 2.5 Unarmed Combat


You had 8 spell levels left.
You didn't know any spells.
Your spell library contained the following spells:

 Spells                   Type           Power      Damage    Failure   Level
 Blink                    Tloc           0%         N/A       83%         2
 Lesser Beckoning         Tloc           0%         N/A       83%         2
 Static Discharge         Conj/Air       0%         2-2/arc   83%         2
 Gell's Gravitas          Tloc           0%         N/A       96%         3
 Teleport Other           Tloc           0%         N/A       96%         3
 Airstrike                Air            0%         2d(0-16)  100%        4
 Manifold Assault         Tloc           0%         N/A       100%        4
 Summon Lightning Spire   Summ/Air       0%         N/A       100%        4
 Haunt                    Necr/Summ      0%         N/A       100%        7
 Infestation              Necr           0%         N/A       100%        8
 Animate Dead             Necr           Unusable   N/A       N/A         4

Dungeon Overview and Level Annotations

Branches:
Dungeon (6/15)             Temple (0/1) D:6

Altars:
Gozag
Nemelex Xobeh
Zin


Innate Abilities, Weirdness & Mutations

You are too large for most types of armour.
You have claws for hands.
Your natural rate of healing is unusually fast.
You are covered in fur. (AC +1)
You have tough skin. (AC +1)


Message History

The red devil barely misses you.
You sock the red devil!
The red devil is severely wounded.
The red devil disappears in a puff of smoke!
The kobold demonologist looks satisfied for a moment.
A phantom opens the door.
You puncture the kobold demonologist!
The kobold demonologist is moderately wounded.
You block the kobold demonologist's attack.
The kobold demonologist hits you with a +0 dagger.
* * * LOW HITPOINT WARNING * * *
You spit the kobold demonologist like a pig!!!
You kill the kobold demonologist!
The phantom misses you. You block the phantom's attack.
Your Fighting skill increases to level 6!
Your Dodging skill increases to level 6!
The brown ugly thing gurgles horribly!
You crush the phantom like a grape!!!
You destroy the phantom!
The barbed spikes dig painfully into your body as you move.
* * * LOW HITPOINT WARNING * * *
You close the door.
You start resting.
You carefully extract the barbed spikes from your body.
A brown ugly thing opens the door.
You are too injured to fight recklessly!
Unknown command.
You block the brown ugly thing's attack.
You bludgeon the brown ugly thing!!
The brown ugly thing is moderately wounded.
You block the brown ugly thing's attack.
The brown ugly thing kicks you!
* * * LOW HITPOINT WARNING * * *
You are splashed with acid!
* * * LOW HITPOINT WARNING * * *
You hit the brown ugly thing.
The brown ugly thing is moderately wounded.
The brown ugly thing kicks you!
You die...
Your body crumbles into a pile of gold.

#######.#...<###
##...##.........#
##.....#..........
#.....##.#.#......
###...#..###......
##............##.
##............####
###.........#.#..###
#..@........#.##....
#.#u##............#..
####$8####.........#..
##..'..'u ##...........
#..8#..#8..#...........
#K########.#...........
#'#?[):([#'#...........
#.####+###.#...........
#K.8#..#8u.#...........


You could see a brown ugly thing.

Vanquished Creatures
  Pikel (D:3)
  A kobold demonologist (D:6)
  A wyvern (D:6)
  2 water moccasins
  2 black bears
  3 ogres
  3 phantoms
  2 lemures (D:3)
  2 scorpions
  A howler monkey (D:5)
  A jelly (D:5)
  2 gnoll boudas
  7 hounds
  4 iguanas
  2 sleepcaps
  13 gnolls
  6 adders
  2 shadow imps
  2 ufetubi (D:5)
  A worm (D:3)
  2 dart slugs
  11 orcs
  5 ball pythons
  7 endoplasms
  5 giant cockroaches
  6 goblins
  13 hobgoblins
  A jackal (D:3)
  10 kobolds
  4 quokkas
  4 bats
  3 frilled lizards (D:1)
  7 rats
136 creatures vanquished.

Notes
Turn   | Place    | Note
-------+----------+-------------------------------------------
     0 | D:1      | GilGalad the Troll Fighter began the quest for the Orb.
     0 | D:1      | Reached XP level 1. HP: 22/22 MP: 0/0
   212 | D:1      | Reached XP level 2. HP: 29/29 MP: 1/1
   618 | D:1      | Reached XP level 3. HP: 33/36 MP: 2/2
   828 | D:2      | Identified the +8 morningstar of the Endless March {heavy,
                  | Dex+3 Stlth+}
  1155 | D:2      | Found an opulent altar of Gozag.
  1185 | D:2      | Became a worshipper of Gozag Ym Sagoz the Greedy
  1225 | D:2      | Identified the +1 robe of Sif Muna's Grace {+Inv rPois
                  | Str-3 Stlth+}
  1532 | D:3      | Found a transporter.
  1533 | D:3      | Found a transporter.
  1548 | D:3      | Found a glowing silver altar of Zin.
  1548 | D:3      | Found a sparkling altar of Nemelex Xobeh.
  1563 | D:3      | Reached XP level 4. HP: 44/44 MP: 3/3
  1589 | D:3      | Reached skill level 1 in Maces & Flails
  1667 | D:3      | Reached XP level 5. HP: 50/53 MP: 4/4
  1740 | D:3      | Noticed a water moccasin
  1755 | D:3      | Killed a water moccasin
  2109 | D:4      | Noticed a lemure
  2109 | D:4      | Noticed a lemure
  2111 | D:4      | Noticed a lemure
  2124 | D:3      | Killed a lemure
  2126 | D:4      | Noticed Pikel
  2130 | D:4      | Noticed a lemure
  2136 | D:3      | Killed a lemure
  2143 | D:3      | Killed Pikel
  2144 | D:3      | Reached XP level 6. HP: 62/62 MP: 5/5
  2144 | D:3      | Reached XP level 7. HP: 70/70 MP: 6/6
  2674 | D:4      | Identified the +7 long sword of Spite {venom, rPois Str-4
                  | Int+5}
  2937 | D:4      | Reached XP level 8. HP: 71/79 MP: 7/7
  3093 | D:5      | Entered Level 5 of the Dungeon
  3096 | D:5      | Reached skill level 5 in Shields
  3255 | D:5      | Reached skill level 5 in Fighting
  3255 | D:5      | Reached skill level 5 in Dodging
  3911 | D:6      | Found a staircase to the Ecumenical Temple.
  3942 | D:6      | Reached XP level 9. HP: 86/89 MP: 8/8
  4018 | D:6      | Identified the ring "Raen" {rElec rC+ Will+}
  4049 | D:6      | Noticed a brown ugly thing
  4081 | D:6      | Noticed a kobold demonologist
  4085 | D:6      | Noticed a red devil
  4103 | D:6      | Killed a kobold demonologist
  4111 | D:6      | Slain by a brown ugly thing

Illustrated notes

Levels and vault maps discovered:
D:1:      dpeg_arrival_orchard, layout_loops_corners, minmay_statues_item
D:2:      minmay_general_purpose_star, layout_basic, basic_altar,
          minmay_misc_feat_encased
D:3:      cheibrodos_helix_gallery, layout_rooms,
          gammafunk_temple_overflow_arena, serial_curves, eino_curves_02,
          eino_curves_01, eino_curves_02
D:4:      layout_gridville, uniq_pikel
D:5:      layout_loops_ring, minmay_holes, grunt_ministairs_4, st_stairs_9
D:6:      minmay_chambers_of_sixes, layout_cave_pools, minmay_temple_entry_grid

Skill      XL: |  1  2  3  4  5  6  7  8  9 |
---------------+----------------------------+-----
Shields        | 3 4 6 |  6.8
Fighting       | 3 4 5 6 |  6.2
Maces & Flails | 1 3 4 |  4.0
Dodging        | 3 4 5 6 |  6.2
Unarmed Combat | |  2.5

Action                     |  1- 3 |  4- 6 |  7- 9 || total
---------------------------+-------+-------+-------++-------
  Melee: Unarmed           |    53 |       |       ||    53
         Short sword       |    23 |       |       ||    23
         Morningstar       |    20 |    29 |   144 ||   193
         Long sword        |       |       |     3 ||     3
    Use: Scroll            |       |     2 |     1 ||     3
         Potion            |       |       |     1 ||     1
   Stab: Sleeping          |     6 |     4 |     6 ||    16
         Distracted        |     1 |       |       ||     1
 Armour: Robe              |    17 |    15 |    31 ||    63
  Dodge: Dodged            |    37 |    25 |    71 ||   133
  Block: Kite shield       |    26 |    26 |   123 ||   175

Table legend: (Time is in decaauts)
 A = Elapsed time spent in this place.
 B = Non-inter-level travel time spent in this place.
 C = Inter-level travel time spent in this place.
 D = Time resting spent in this place.
 E = Time spent auto-exploring this place.
 F = Levels seen in this place.
 G = Mean time per level.
                   A        B        C        D        E       F      G
               +--------+--------+--------+--------+--------+-----+--------+
         Total |   4335 |   4137 |    198 |     22 |   2999 |   6 |  722.5 |
       Dungeon |   4335 |   4137 |    198 |     22 |   2999 |   6 |  722.5 |
               +--------+--------+--------+--------+--------+-----+--------+

Top non-repeatable levels by time:
     D:4: 1030 daAuts
     D:5: 861 daAuts
     D:3: 788 daAuts
     D:1: 767 daAuts
     D:2: 648 daAuts
     D:6: 237 daAuts
